 Dungeon Crawl Stone Soup version 0.19-a0-1201-gda63bca (webtiles) character file.

6717 mmcf the Carver (level 10, -2/94 HPs)
             Began as a Minotaur Gladiator on Aug 20, 2016.
             Was an Elder of Dithmenos.
             Slain by an unseen horror (4 damage)
             ... on level 9 of the Dungeon.
             The game lasted 00:22:07 (8047 turns).

mmcf the Carver (Minotaur Gladiator)                Turns: 8047, Time: 00:22:08

Health: -2/94      AC: 11    Str: 20    XL:     10   Next: 74%
Magic:  9/9        EV: 16    Int:  5    God:    Dithmenos [****..]
Gold:   27         SH:  0    Dex: 14    Spells: 3 memorised, 2 levels left

rFire  + . .     SeeInvis .     a - +0 long sword
rCold  . . .     Gourm    .     m - +1 ring mail
rNeg   . . .     Faith    .     (no shield)
rPois  .         Spirit   .     x - +2 hat
rElec  .         Dismiss  .     (no cloak)
rCorr  .         Reflect  .     n - +0 pair of gloves
MR     .....     Harm     .     c - +0 pair of boots
Stlth  +.........               u - amulet of regeneration
                                l - ring of wizardry
                                g - ring of protection from fire

@: wreathed by umbra
A: retaliatory headbutt, horns 2
a: Shadow Step, Renounce Religion


You were on level 9 of the Dungeon.
You worshipped Dithmenos.
Dithmenos was greatly pleased with you.
You were hungry.

You visited 2 branches of the dungeon, and saw 11 of its levels.

You collected 27 gold pieces.

Inventory:

Hand Weapons
 a - a +0 long sword (weapon)
Missiles
 d - 3 throwing nets (quivered)
 k - 68 poisoned needles
 t - 8 javelins of penetration
Armour
 c - a +0 pair of boots (worn)
 m - a +1 ring mail (worn)
 n - a +0 pair of gloves (worn)
 x - a +2 hat (worn)
 E - a +0 chain mail
Jewellery
 g - a ring of protection from fire (left hand)
 l - a ring of wizardry (right hand)
 u - an amulet of regeneration (around neck)
 C - a +3 amulet of reflection
 H - an uncursed amulet of the gourmand {unknown}
 O - a +3 amulet of reflection
Wands
 R - a wand of paralysis (8/24)
Scrolls
 i - a scroll of amnesia
 j - a scroll of fear
 o - 2 scrolls of remove curse
 q - a scroll of magic mapping {unknown}
 s - 2 scrolls of teleportation
 w - a scroll of fog
 z - a scroll of immolation {unknown}
 F - a scroll of blinking {unknown}
 I - 2 scrolls of enchant weapon {unknown}
 J - 2 scrolls of recharging {unknown}
 N - a scroll of enchant armour
Potions
 e - a potion of degeneration {unknown}
 h - 2 potions of lignification
 p - 3 potions of brilliance
 v - a potion of mutation {unknown}
 A - a potion of might
 B - a potion of heal wounds {unknown}
 D - a potion of curing
 G - a potion of agility {unknown}
 K - 2 potions of berserk rage {unknown}
 Q - a potion of haste {unknown}
Books
 r - a book of Summonings

   Spells                             Type                      Level
   a - Recall                         Summoning/Translocation      3
   b - Aura of Abjuration             Summoning                    5
   c - Summon Demon                   Summoning                    5
   d - Summon Forest                  Summoning/Translocation      5
   e - Summon Mana Viper              Hexes/Summoning              5
   f - Shadow Creatures               Summoning                    6
 y - a book of Battle

   Spells                             Type                      Level
   a - Infusion                       Charms                       1
   b - Shroud of Golubria             Charms/Translocation         2
   c - Song of Slaying                Charms                       2
   d - Spectral Weapon                Hexes/Charms                 3
   e - Regeneration                   Charms/Necromancy            3
Comestibles
 b - 3 chunks of flesh
 f - 8 bread rations
 L - a royal jelly
 M - 8 slices of pizza
 P - 2 beef jerkies


   Skills:
 + Level 10.5 Fighting
 + Level 13.1 Long Blades
 - Level 2.0 Throwing
 + Level 4.7 Armour
 - Level 9.1 Dodging


You had 2 spell levels left.
You knew the following spells:

 Your Spells              Type           Power        Failure   Level  Hunger
a - Shroud of Golubria    Chrm/Tloc      #.........   69%         2    ###....
b - Song of Slaying       Chrm           #.......     69%         2    ###....
c - Regeneration          Chrm/Necr      #.........   91%         3    ####...


Dungeon Overview and Level Annotations

Branches:
Dungeon (10/15)            Temple (1/1) D:4
   Lair: D:8-11         Orc: D:9-12

Altars:
Ashenzari
Cheibriados
Dithmenos
Fedhas
Gozag
Makhleb
Nemelex Xobeh
Qazlal
Ru
Sif Muna
Trog
Uskayaw
Vehumet
Xom
Zin

Annotations:
D:8 Maurice


Innate Abilities, Weirdness & Mutations

You reflexively headbutt those who attack you in melee.
You have a pair of horns on your head.


Message History

Something hits you.
* * * LOW HITPOINT WARNING * * *
Things that are here:
a ring mail; a scale mail Something barely misses you.
Items here: )) [[ a robe; a dagger of protection; a leather armour; a short sword Something hits you but does no damage.
Something hits you but does no damage. Something hits you but does no damage.
Something hits you.
* * * LOW HITPOINT WARNING * * *
Something barely misses you.
You see here a mace.
You hit something but do no damage. Your headbutt misses something.
Something hits you but does no damage. Something closely misses you.
You completely miss something. Something hits you!
* * * LOW HITPOINT WARNING * * *
Something hits you.
You die...

#.## ##...#.. ##.###>##.#.#
#..#.......#
#######.#.####.###
#.......#.####.##^
##.#####....##..... ...
.(..# #.....#..##. #.# #.#.#
#........### #.# #@#.#
#........... #.# #{#.#
#..#.#...#.#
##.###.#.###..#.#...#.#
..####...##.................
.........##...###..._.......
###...##[...##._..._.#..#
#.....[[....#...........#
.....#######....._..8.._....
###. #>..#.........[..


There were no monsters in sight!

Vanquished Creatures
  An unseen horror (D:8)
  Pikel (D:7)
  A troll (D:10)
  A slime creature (D:10)
  4 yaks (D:10)
  A human (D:7)
  Grum (D:8)
  Menkaure (D:7)
  A water moccasin (D:10)
  2 orc warriors (D:6)
  4 ice beasts
  A phantom (D:10)
  4 ogres
  3 centaurs (D:8)
  2 wolves (D:8)
  A big kobold (D:7)
  7 giant frogs
  A wyvern zombie (D:9)
  4 scorpions
  4 killer bees (D:10)
  5 wights (D:8)
  A howler monkey (D:8)
  5 crimson imps
  A centaur zombie (D:7)
  A giant frog zombie (D:10)
  3 hounds
  3 orc priests
  12 jellies
  A quasit (D:9)
  5 iguanas
  7 worker ants
  6 orc wizards
  4 sheep (D:7)
  2 hound skeletons (D:6)
  A hound zombie (D:6)
  2 howler monkey zombies
  2 howler monkey skeletons
  8 adders
  16 oozes
  An adder zombie (D:6)
  3 worms
  A dart slug (D:3)
  6 giant geckos
  27 orcs
  6 bats
  7 giant cockroaches
  7 goblins
  9 hobgoblins
  4 jackals (D:4)
  6 quokkas
  7 giant newts
  23 kobolds
  A quokka skeleton (D:4)
  9 rats
247 creatures vanquished.

Vanquished Creatures (others)
  An ogre (D:7)
  A hound (D:7)
  3 fungi (D:10)
  4 plants (D:6)
9 creatures vanquished.

Grand Total: 256 creatures vanquished

Notes
Turn   | Place    | Note
-------+----------+-------------------------------------------
     0 | D:1      | mmcf the Minotaur Gladiator began the quest for the Orb.
     0 | D:1      | Reached XP level 1. HP: 18/18 MP: 0/0
   118 | D:1      | Reached skill level 4 in Long Blades
   245 | D:1      | Reached XP level 2. HP: 25/25 MP: 1/1
   626 | D:1      | Reached skill level 5 in Long Blades
   771 | D:1      | Reached XP level 3. HP: 30/30 MP: 2/2
  1735 | D:3      | Reached XP level 4. HP: 37/37 MP: 3/3
  1784 | D:3      | Reached skill level 6 in Long Blades
  1797 | D:4      | Noticed an ogre
  1810 | D:3      | Killed an ogre
  1810 | D:3      | Reached skill level 7 in Long Blades
  1810 | D:3      | Reached XP level 5. HP: 37/42 MP: 4/4
  1919 | D:4      | Found a sacrificial altar of Ru.
  2356 | D:4      | Reached skill level 8 in Long Blades
  2448 | D:4      | Found a staircase to the Ecumenical Temple.
  2458 | Temple   | Entered the Ecumenical Temple
  2464 | Temple   | Became a worshipper of Dithmenos the Shadowed
  2502 | D:4      | Reached XP level 6. HP: 11/50 MP: 0/5
  2616 | D:5      | Entered Level 5 of the Dungeon
  3432 | D:5      | Found a stormy altar of Qazlal.
  3504 | D:5      | Reached XP level 7. HP: 40/57 MP: 6/6
  3507 | D:5      | Reached skill level 9 in Long Blades
  3689 | D:6      | Reached skill level 5 in Dodging
  3746 | D:7      | Reached * piety under Dithmenos
  3876 | D:6      | Got a polished rapier
  3955 | D:6      | Reached skill level 5 in Fighting
  3955 | D:6      | Reached XP level 8. HP: 65/68 MP: 7/7
  4423 | D:6      | Found a blossoming altar of Fedhas.
  4512 | D:6      | Reached skill level 10 in Long Blades
  5120 | D:7      | Reached ** piety under Dithmenos
  5361 | D:7      | Noticed Menkaure
  5372 | D:7      | Killed Menkaure
  5376 | D:7      | Reached XP level 9. HP: 45/79 MP: 8/8
  5527 | D:7      | Noticed Pikel
  5536 | D:7      | Killed Pikel
  5536 | D:7      | Reached skill level 11 in Long Blades
  5678 | D:7      | Found a snail-covered altar of Cheibriados.
  5678 | D:7      | Found a radiant altar of Vehumet.
  5733 | D:7      | Found a shimmering altar of Xom.
  6230 | D:8      | Noticed Grum
  6245 | D:8      | Killed Grum
  6379 | D:8      | Reached *** piety under Dithmenos
  6639 | D:8      | Reached skill level 12 in Long Blades
  6925 | D:8      | Noticed Maurice
  6928 | D:8      | Paralysed by Maurice for 5 turns
  7008 | D:8      | Killed an unseen horror
  7008 | D:8      | Reached XP level 10. HP: 64/91 MP: 9/9
  7140 | D:8      | Learned a level 2 spell: Shroud of Golubria
  7143 | D:8      | Learned a level 2 spell: Song of Slaying
  7147 | D:8      | Learned a level 3 spell: Regeneration
  7242 | D:10     | Entered Level 10 of the Dungeon
  7260 | D:10     | Reached skill level 1 in Armour
  7510 | D:10     | Reached skill level 10 in Fighting
  7802 | D:10     | Reached **** piety under Dithmenos
  7811 | D:10     | Reached skill level 13 in Long Blades
  7891 | D:9      | Found a bloodstained altar of Trog.
  7896 | D:9      | Found a sparkling altar of Nemelex Xobeh.
  7896 | D:9      | Found a glowing silver altar of Zin.
  7899 | D:9      | Found a shattered altar of Ashenzari.
  7899 | D:9      | Found an opulent altar of Gozag.
  7935 | D:9      | Found a hide-covered altar of Uskayaw.
  7937 | D:9      | Found a burning altar of Makhleb.
  8047 | D:9      | HP: 2/94 [something (7)]
  8047 | D:9      | Slain by an unseen horror

Vault maps used:
D:1:      dpeg_arrival_rhombi
D:4:      first_bread, minmay_misc_feat_five, nicolae_ru_path_of_blood
D:5:      nicolae_qazlal_eye_of_the_storm
D:6:      fedhas_altar_decomposition
D:7:      kennysheep_kobold_camp, gammafunk_temple_overflow_pools,
          kennysheep_little_box, grunt_livestock, uniq_menkaure, uniq_pikel
D:8:      uniq_maurice, uniq_grum
D:9:      grunt_temple_overflow_open, minmay_lair_entry_lava
D:10:     lemuel_slime, lightli_corner_chamber
Temple:   eino_wide_crystal_templ

Skill      XL: |  1  2  3  4  5  6  7  8  9 10 |
---------------+-------------------------------+-----
Long Blades    | 4 5 7 8 9 10 12 13 | 13.1
Fighting       | 3 5 7 9 10 | 10.5
Dodging        | 4 5 7 9 |  9.1
Armour         | 4 |  4.7
Throwing       | |  2.0

Action                   |  1- 3 |  4- 6 |  7- 9 | 10-12 || total
-------------------------+-------+-------+-------+-------++-------
Melee: Long sword        |    85 |   118 |   399 |   248 ||   850
       Headbutt          |    12 |    24 |    91 |    75 ||   202
  Use: Scroll            |       |     2 |     2 |     8 ||    12
       Potion            |       |     1 |       |       ||     1
  Eat: Chunk             |     3 |     5 |    10 |     5 ||    23
Armor: Leather armour    |     5 |       |       |       ||     5
       Ring mail         |    12 |    31 |    63 |    60 ||   166
Dodge: Dodged            |    46 |    41 |   196 |   174 ||   457
